 Dungeon Crawl Stone Soup version 0.27-a0-1359-ga2a4dfd6fd (webtiles) character file.

Game seed: 9404329591087258394

100 pyrow613 the Skirmisher (level 4, 0/41 HPs)
             Began as a Minotaur Berserker on June 28, 2021.
             Was a Believer of Trog.
             Slain by a gnoll (4 damage)
             ... on level 3 of the Dungeon.
             The game lasted 00:03:51 (2131 turns).

pyrow613 the Skirmisher (Minotaur Berserker)        Turns: 2131, Time: 00:03:51

Health: 0/41       AC:  5    Str: 22    XL:     4   Next: 47%
Magic:  3/3        EV: 12    Int:  5    God:    Trog [**....]
Gold:   69         SH:  0    Dex:  9    Spells: 3/3 levels left

rFire    . . .     SeeInvis .   a - +0 hand axe
rCold    . . .     Faith    .   (no shield)
rNeg     . . .     Spirit   .   h - +2 animal skin
rPois    .         Reflect  .   (helmet restricted)
rElec    .         Harm     .   c - +0 cloak
rCorr    .         Rampage  .   (no gloves)
Will     .....                  (no boots)
Stlth    +.........             (no amulet)
HPRegen  0.13/turn              (no ring)
MPRegen  0.08/turn              (no ring)

@: no status effects
A: horns 2, retaliatory headbutt
a: Renounce Religion, Berserk, Trog's Hand


You were on level 3 of the Dungeon.
You worshipped Trog.
Trog was pleased with you.
You visited 1 branch of the dungeon, and saw 3 of its levels.

You collected 69 gold pieces.

Inventory:

Hand Weapons
 a - a +0 hand axe (weapon)
Armour
 c - a +0 cloak (worn)
 h - a +2 animal skin (worn)
Wands
 k - a wand of polymorph (8)
Scrolls
 b - a scroll of immolation {unknown}
Potions
 d - a potion of lignification {unknown}
 e - 3 potions of might {unknown}
 f - 2 potions of curing {unknown}
 g - a potion of haste {unknown}
 i - 2 potions of mutation {unknown}
 j - a potion of degeneration {unknown}
 l - a potion of brilliance {unknown}


   Skills:
 * Level 4.8 Fighting
 * Level 4.7 Axes
 + Level 3.2 Armour
 + Level 2.8 Dodging


You had 3 spell levels left.
You didn't know any spells.
Your spell library was empty.

Dungeon Overview and Level Annotations

Branches:
Dungeon (3/15)

Altars:

Shops:
D:1 (

Annotations:
D:3 3 runed translucent doors, bronco's ghost, amateur TeFE


Innate Abilities, Weirdness & Mutations

You have a pair of horns on your head.
You reflexively headbutt those who attack you in melee.


Message History

You are too injured to fight recklessly!
You are too injured to fight recklessly!
You are too injured to fight recklessly!
You are too injured to fight recklessly!
You are too injured to fight recklessly!
You are too injured to fight recklessly!
You are too injured to fight recklessly!
You are too injured to fight recklessly!
You are too injured to fight recklessly!
You are too injured to fight recklessly!
You are too injured to fight recklessly!
You are too injured to fight recklessly!
You are too injured to fight recklessly!
You are too injured to fight recklessly!
You are too injured to fight recklessly!
You are too injured to fight recklessly!
You are too injured to fight recklessly!
Unknown command.
You are too injured to fight recklessly!
You hit the gnoll.
The gnoll is heavily wounded.
The gnoll hits you with a +0 flail.
The gnoll hits you from afar with a +0 spear!
* * * LOW HITPOINT WARNING * * *
You hit the gnoll. Your headbutt misses the gnoll.
The gnoll is severely wounded.
The gnoll hits you with a +0 flail.
* * * LOW HITPOINT WARNING * * *
The gnoll barely misses you.
You hit the gnoll. You headbutt the gnoll.
You kill the gnoll!
Trog accepts your kill.
The gnoll hits you from afar with a +0 spear.
* * * LOW HITPOINT WARNING * * *
The gnoll misses you.
You see here a +0 flail.
You hit the gnoll but do no damage.
You headbutt the gnoll, but do no damage.
The gnoll hits you with a +0 spear.
You die...

##.#.#........
##.#.#.#######.#########
.......................>
##.###########..........
#.# #.......... ##'##
#.......... ....#
#.......... ..†.#
#..g....... ....###
#.)@....... .......
#.#.######. ........ ..
#.# ##....... ## #.#
#.#.######## #.#
..#.#.)....# #.#
#.####.####.#
#...........#
#.####.######


You could see a gnoll.

Vanquished Creatures
  Robin (D:2)
  An adder (D:2)
  2 gnolls (D:3)
  A worm (D:2)
  A dart slug (D:3)
  5 endoplasms
  2 giant cockroaches
  13 goblins
  6 hobgoblins
  3 jackals (D:1)
  A quokka (D:1)
  6 bats
  6 frilled lizards
  3 kobolds
  3 rats
54 creatures vanquished.

Notes
Turn   | Place    | Note
-------+----------+-------------------------------------------
     0 | D:1      | pyrow613 the Minotaur Berserker began the quest for the
                  | Orb.
     0 | D:1      | Reached XP level 1. HP: 19/19 MP: 0/0
    17 | D:1      | Found Ruanesi's Weapon Emporium.
   159 | D:1      | Reached XP level 2. HP: 16/27 MP: 1/1
   426 | D:1      | Found a faded altar of an unknown god.
   983 | D:2      | Reached XP level 3. HP: 25/33 MP: 2/2
  1124 | D:2      | Noticed Robin
  1137 | D:2      | Killed Robin
  1139 | D:2      | Reached ** piety under Trog
  1539 | D:2      | Reached XP level 4. HP: 41/41 MP: 3/3
  1913 | D:3      | Found a runed translucent gate.
  1952 | D:3      | Found a runed translucent gate.
  1952 | D:3      | Found a runed translucent gate.
  1952 | D:3      | Noticed bronco's ghost (amateur TeFE)
  2131 | D:3      | Slain by a gnoll

Illustrated notes

Levels and vault maps discovered:
D:1:      nicolae_arrival_washed_ashore, layout_loops_ring,
          shapermc_ecumenical_altar_mp_highgroup, serial_shops, shop
D:2:      layout_loops_ring, minmay_surrounded, uniq_robin
D:3:      layout_basic, gammafunk_ghost_split

Skill      XL: |  1  2  3 |
---------------+----------+-----
Axes           | 4 |  4.7
Fighting       | 4 |  4.8
Armour         | 3 |  3.2
Dodging        | |  2.8

Action                   |  1- 3 |  4- 6 || total
-------------------------+-------+-------++-------
Melee: Hand axe          |    82 |    24 ||   106
       Headbutt          |     8 |     6 ||    14
 Stab: Sleeping          |       |     2 ||     2
Armor: Animal skin       |    14 |     4 ||    18
Dodge: Dodged            |    51 |    19 ||    70

Table legend: (Time is in decaauts)
 A = Elapsed time spent in this place.
 B = Non-inter-level travel time spent in this place.
 C = Inter-level travel time spent in this place.
 D = Time resting spent in this place.
 E = Time spent auto-exploring this place.
 F = Levels seen in this place.
 G = Mean time per level.
                   A        B        C        D        E       F      G
               +--------+--------+--------+--------+--------+-----+--------+
         Total |   2140 |   2065 |     75 |      0 |   1783 |   3 |  713.3 |
       Dungeon |   2140 |   2065 |     75 |      0 |   1783 |   3 |  713.3 |
               +--------+--------+--------+--------+--------+-----+--------+

Top non-repeatable levels by time:
     D:1: 958 daAuts
     D:2: 914 daAuts
     D:3: 267 daAuts
